 Dungeon Crawl Stone Soup version 0.18.1-48-g4cf74bf (webtiles) character file.

277 Joat the Insei (level 6, 0/50 HPs)
             Began as a Draconian Transmuter on Aug 15, 2016.
             Slain by a big kobold (2 damage)
             ... in a sewer.
             The game lasted 00:13:22 (3210 turns).

Joat the Insei (Draconian Transmuter)               Turns: 3210, Time: 00:13:23

Health: 0/50       AC:  8    Str: 12 (13) XL:     6   Next: 4%
Magic:  18/18      EV: 12    Int: 15      God:
Gold:   64         SH:  0    Dex: 12 (13) Spells: 1 memorised, 8 levels left

rFire  . . .     SeeInvis .     g - -3 blowgun (curse)
rCold  . . .     Gourm    .     (armour unavailable)
rNeg   . . .     Faith    .     (no shield)
rPois  .         Spirit   .     i - +2 hat
rElec  .         Dismiss  .     (no cloak)
rCorr  .         Reflect  .     (no gloves)
SustAt .         Harm     .     (no boots)
MR     .....                    (no amulet)
Stlth  +.........               (no ring)
                                q - ring of magical power

@: not resistant to hostile enchantments, very unstealthy
A: unfitting armour, clever 1, deterioration 1, cold-blooded, subdued magic 1,
AC +6
a: no special abilities


You were in a sewer.
You were hungry.

You visited 1 branch of the dungeon, and saw 4 of its levels.
You also visited: Sewer.

You collected 64 gold pieces.

Inventory:

Hand Weapons
 g - a cursed -3 blowgun (weapon)
 k - a +0 trident of venom
Missiles
 a - 73 arrows
Armour
 i - a +2 hat (worn)
Jewellery
 q - a ring of magical power (left hand)
Scrolls
 f - a scroll of identify
 j - a scroll of noise
Potions
 n - a potion of haste
Books
 b - a book of Changes

   Spells                             Type                      Level
   a - Beastly Appendage              Transmutation                1
   b - Sticks to Snakes               Transmutation                2
   c - Spider Form                    Transmutation/Poison         3
   d - Ice Form                       Ice/Transmutation            4
   e - Blade Hands                    Transmutation                5
Comestibles
 c - 7 bread rations
 l - 2 fruits
 m - a meat ration


   Skills:
 + Level 2.6 Fighting
 + Level 2.5 Dodging
 + Level 1.8 Stealth
 + Level 5.6 Unarmed Combat
 - Level 2.0 Spellcasting
 - Level 2.0 Transmutations


You had 8 spell levels left.
You knew the following spells:

 Your Spells              Type           Power        Failure   Level  Hunger
a - Beastly Appendage     Trmt           #.....       10%         1    #......


Dungeon Overview and Level Annotations

Branches:
Dungeon (4/15)
 Temple: D:4-7

Altars:
Sif Muna
Xom


Innate Abilities, Weirdness & Mutations

Your plain brown scales are hard (AC +6).
Your body does not fit into most forms of armour.
You are cold-blooded and may be slowed by cold attacks.
Your mind is acute. (Int +2)
Your body sometimes deteriorates upon taking damage.
Your spells are a little easier to cast, but a little less powerful.


Message History

The big kobold is heavily wounded.
The big kobold barely misses you.
Your unstable footing causes you to fumble your attack.
The big kobold hits you but does no damage.
The big kobold hits you.
* * * LOW HITPOINT WARNING * * *
You barely miss the big kobold. You tail-slap the big kobold.
The big kobold is severely wounded.
The big kobold splashes around in the water.
Your unstable footing causes you to fumble your attack.
The big kobold closely misses you.
The big kobold splashes around in the water.
Your unstable footing causes you to fumble your attack.
The big kobold closely misses you.
Your unstable footing causes you to fumble your attack.
The big kobold barely misses you. The big kobold hits you.
* * * LOW HITPOINT WARNING * * *
Your unstable footing causes you to fumble your attack.
The big kobold hits you.
You die...

#. .# #≈ ≈# #≈
(# ≈ ≈#≈ ≈≈
≈(≈ #≈ #(# #≈
#K# #≈###@#
#≈≈≈≈≈#
##≈≈≈## #..≈#
#≈..# ≈#
##≈≈.# ..#
##≈≈≈≈#
.≈≈#####≈≈≈≈≈#
≈.≈≈≈≈≈≈....##


You could see a big kobold.

Vanquished Creatures
  2 orc wizards (D:3)
  Jessica (D:2)
  Natasha (thrice) (D:3)
  3 adders (D:2)
  A worm (D:2)
  A dart slug (D:1)
  6 giant geckos
  An orc (D:3)
  4 ball pythons
  6 giant cockroaches
  7 goblins
  12 hobgoblins
  2 jackals (D:1)
  3 quokkas (D:3)
  8 bats
  4 giant newts
  6 kobolds
  10 rats
80 creatures vanquished.

Notes
Turn   | Place    | Note
--------------------------------------------------------------
     0 | D:1      | Joat the Draconian Transmuter began the quest for the Orb.
     0 | D:1      | Reached XP level 1. HP: 16/16 MP: 3/3
   130 | D:1      | Reached XP level 2. HP: 20/23 MP: 5/5
   361 | D:1      | Reached skill level 4 in Unarmed Combat
   471 | D:1      | Reached XP level 3. HP: 23/28 MP: 6/6
  1167 | D:2      | Noticed Jessica
  1175 | D:2      | Killed Jessica
  1175 | D:2      | Reached skill level 5 in Unarmed Combat
  1175 | D:2      | Reached XP level 4. HP: 25/35 MP: 7/7
  2015 | D:3      | Found a shimmering altar of Xom.
  2331 | D:3      | Noticed Natasha
  2340 | D:3      | Killed Natasha
  2340 | D:3      | Reached skill level 1 in Stealth
  2340 | D:3      | Reached XP level 5. HP: 28/41 MP: 8/8
  2468 | D:3      | Found a deep blue altar of Sif Muna.
  2555 | D:3      | Gained mutation: Your body sometimes deteriorates upon taking damage. [potion of mutation]
  2555 | D:3      | Gained mutation: Your mind is acute. (Int +2) [potion of mutation]
  2555 | D:3      | Gained mutation: Your spells are a little easier to cast, but a little less powerful. [potion of mutation]
  2689 | D:3      | Noticed Natasha
  2702 | D:3      | Killed Natasha
  2788 | D:3      | Noticed Natasha
  2794 | D:3      | Killed Natasha
  2794 | D:3      | Reached XP level 6. HP: 49/50 MP: 9/9
  2887 | D:4      | Found a glowing drain.
  3015 | Sewer    | Entered a sewer
  3198 | Sewer    | Gained mutation: Scrolls take you a little longer to read. [potion of mutation]
  3198 | Sewer    | Lost mutation: Scrolls take you a little longer to read. [potion of mutation]
  3209 | Sewer    | HP: 2/50 [big kobold (3)]
  3210 | Sewer    | Slain by a big kobold

Skill      XL: |  1  2  3  4  5 |
---------------+----------------+-----
Unarmed Combat | 4 5 |  5.6
Dodging        | 2 |  2.5
Stealth        | 1 |  1.8
Fighting       | 2 |  2.6
Spellcasting   | |  2.0
Transmutations | |  2.0

Action                   |  1- 3 |  4- 6 || total
-------------------------+-------+-------++-------
Melee: Unarmed           |   141 |    18 ||   159
       Tailslap          |    10 |    33 ||    43
       Punch             |     2 |     3 ||     5
       Trident           |       |    81 ||    81
       Blowgun           |       |   273 ||   273
 Fire: Blowgun           |       |    36 ||    36
  Use: Potion            |       |     9 ||     9
       Scroll            |       |     4 ||     4
 Stab: Sleeping          |     1 |     2 ||     3
       Distracted        |       |     1 ||     1
  Eat: Chunk             |     1 |     7 ||     8
Armor: Skin              |    29 |   152 ||   181
Dodge: Dodged            |    87 |   233 ||   320
